 Dungeon Crawl Stone Soup version 0.19-a0-687-g35db334 (webtiles) character file.

309 LORDOFBUTT the Sneak (level 6, 0/32 HPs)
             Began as a Vine Stalker Assassin on June 19, 2016.
             Was an Initiate of Gozag.
             Succumbed to a scorpion's poison
             ... on level 5 of the Dungeon.
             The game lasted 00:10:29 (2874 turns).

LORDOFBUTT the Sneak (Vine Stalker Assassin)        Turns: 2874, Time: 00:10:30

Health: 0/32       AC:  4    Str: 14    XL:     6   Next: 41%
Magic:  1/10       EV: 12    Int: 12    God:    Gozag
Gold:   365        SH:  0    Dex: 16    Spells: 0 memorised, 10 levels left

rFire  + + .     SeeInvis .     a - +2 dagger
rCold  + . .     Gourm    .     D - +1 robe of Intuition {rF+ rC+ rN+} (curse)
rNeg   + . .     Faith    .     (no shield)
rPois  .         Spirit   +     (no helmet)
rElec  .         Dismiss  .     d - +0 cloak
rCorr  .         Reflect  .     (no gloves)
SustAt .         Harm     .     (no boots)
MR     +....                    s - amulet of magic regeneration
Stlth  ++++......               j - ring of protection from fire
                                k - ring of protection from magic

@: lethally poisoned (0 -> -4), flying, invisible, somewhat resistant to hostile
enchantments, stealthy
A: fangs 2, regeneration 2, magic shield, antimagic bite, no device heal 3, rot
immunity
a: Potion Petition, Call Merchant, Bribe Branch, Renounce Religion


You were on level 5 of the Dungeon.
You worshipped Gozag.
Gozag was noncommittal.
You were not hungry.

You visited 1 branch of the dungeon, and saw 5 of its levels.

You collected 374 gold pieces.
You paid 9 gold pieces to Gozag.

Inventory:

Hand Weapons
 a - a +2 dagger (weapon)
 b - a +0 blowgun
Missiles
 e - 8 poisoned needles
 f - 2 curare-tipped needles
Armour
 c - a +0 robe
 d - a +0 cloak (worn)
 D - the cursed +1 robe of Intuition (worn) {rF+ rC+ rN+}
   (You found it on level 4 of the Dungeon)

   It protects you from fire.
   It protects you from cold.
   It protects you from negative energy.
   It has a curse placed upon it.
Jewellery
 j - a ring of protection from fire (right hand)
 k - a ring of protection from magic (left hand)
 s - an amulet of magic regeneration (around neck)
Wands
 A - a wand of slowing (13/48)
Scrolls
 g - a scroll of magic mapping {unknown}
 i - a scroll of fear {unknown}
 m - 3 scrolls of identify
 n - a scroll of enchant weapon {unknown}
 u - a scroll of random uselessness {unknown}
 v - a scroll of remove curse {unknown}
 x - 4 scrolls of enchant armour {unknown}
 y - a scroll of amnesia
Potions
 h - 2 potions of mutation
 l - a potion of degeneration {unknown}
 o - a potion of resistance
 p - a potion of curing {unknown}
 q - a potion of haste {unknown}
 r - 2 potions of brilliance
 t - a potion of heal wounds {unknown}
 w - 2 potions of flight
 B - a potion of ambrosia {unknown}
 C - a potion of invisibility
Books
 z - a book of Envenomations

   Spells                             Type                      Level
   a - Spider Form                    Transmutation/Poison         3
   b - Olgreb's Toxic Radiance        Poison                       4
   c - Alistair's Intoxication        Transmutation/Poison         5
   d - Poisonous Cloud                Conjuration/Poison/Air       6


   Skills:
 + Level 2.6 Fighting
 + Level 2.2 Short Blades
 + Level 2.2 Throwing
 + Level 1.9 Dodging
 * Level 6.8 Stealth
 * Level 2.5 Spellcasting
 + Level 0.6 Evocations


You had 10 spell levels left.
You didn't know any spells.

Dungeon Overview and Level Annotations

Branches:
Dungeon (5/15)             Temple (0/1) D:4

Altars:
Fedhas
Gozag
Sif Muna
Uskayaw
Xom

Annotations:
D:3 Ijyb; Typerbomb's ghost, amateur DsGl


Innate Abilities, Weirdness & Mutations

You have extremely sharp teeth.
You heal very quickly.
When hurt, damage is shared between your health and your magic reserves.
Your bite disrupts and absorbs the magic of your enemies.
Potions and wands cannot restore your health.
You are immune to rotting.


Message History

* * * LOW HITPOINT WARNING * * *
You feel sick.
Unknown command.
Okay, then.
You feel sick.
* * * LOW HITPOINT WARNING * * *
You feel sick.
Okay, then.
You feel sick. The scorpion stings you.
* * * LOW HITPOINT WARNING * * *
It was a potion of flight.
You feel very buoyant.
You fly up into the air.
* * * LOW HITPOINT WARNING * * *
You feel sick. The scorpion stings you.
* * * LOW HITPOINT WARNING * * *
It was a potion of invisibility.
You fade into invisibility!
You die...
Your body crumbles into a pile of gold.

############
##..........#
##..........$.
#..@s.$.......
#...^.........
#.............
#.............
#.............
##............
##..........#
#########


You could see a scorpion.

Vanquished Creatures
  A scorpion (D:5)
  3 orc wizards
  2 worker ants (D:4)
  An adder (D:4)
  3 oozes
  An adder skeleton (D:4)
  2 worms (D:2)
  4 dart slugs
  4 giant geckos
  10 orcs
  5 giant cockroaches
  7 goblins
  6 hobgoblins
  15 jackals
  2 ball pythons (D:1)
  5 bats
  3 giant newts
  5 kobolds
  2 rats (D:1)
81 creatures vanquished.

Notes
Turn   | Place    | Note
--------------------------------------------------------------
     0 | D:1      | LORDOFBUTT the Vine Stalker Assassin began the quest for the Orb.
     0 | D:1      | Reached XP level 1. HP: 11/11 MP: 2/2
    10 | D:1      | Reached skill level 5 in Stealth
    53 | D:1      | Reached XP level 2. HP: 15/15 MP: 3/3
    59 | D:1      | Reached skill level 1 in Dodging
   271 | D:1      | Reached XP level 3. HP: 17/18 MP: 1/4
   776 | D:2      | Reached skill level 1 in Spellcasting
  1017 | D:2      | Found an opulent altar of Gozag.
  1020 | D:2      | Found a shimmering altar of Xom.
  1023 | D:2      | Found a hide-covered altar of Uskayaw.
  1046 | D:2      | Became a worshipper of Gozag Ym Sagoz the Greedy
  1080 | D:2      | Reached XP level 4. HP: 13/23 MP: 6/6
  1304 | D:2      | Found a deep blue altar of Sif Muna.
  1308 | D:2      | Reached skill level 6 in Stealth
  1707 | D:3      | Reached XP level 5. HP: 13/27 MP: 8/8
  1718 | D:3      | Noticed Typerbomb's ghost (amateur DsGl)
  1799 | D:2      | Found a blossoming altar of Fedhas.
  2050 | D:3      | Noticed Ijyb
  2055 | D:3      | HP: 1/27 [orc priest/divine providence (10)]
  2178 | D:4      | HP: 1/27 [something/puff of flame (1)]
  2184 | D:5      | Entered Level 5 of the Dungeon
  2187 | D:5      | HP: 1/27 [orc wizard/dagger (2)]
  2435 | D:4      | Found a staircase to the Ecumenical Temple.
  2498 | D:4      | Gained mutation: You heal very quickly. [Vine Stalker growth]
  2498 | D:4      | Reached XP level 6. HP: 32/32 MP: 10/10
  2690 | D:4      | Got a distressingly furry robe
  2701 | D:4      | Identified the cursed +1 robe of Intuition {rF+ rC+ rN+} (You found it on level 4 of the Dungeon)
  2873 | D:5      | HP: 1/32 [scorpion (2)]
  2874 | D:5      | Succumbed to a scorpion's poison

Vault maps used:
D:1:      minmay_arrival_three_doors, minmay_crystal_room
D:2:      minmay_door_path, lemuel_crystal_altar,
          nicolae_overflow_hidden_temple, grunt_temple_overflow_diamond
D:3:      overflow_temple_1_default, lemuel_doored_altar, marbit_many_paths,
          uniq_iyjb
D:4:      serial_bayou_ford_a
D:5:      gammafunk_temple_overflow_pools, nemelex_xobeh_ov_fountains_minmay,
          serial_shops, nicolae_shop_window_shopping, first_bread

Skill      XL: |  1  2  3  4  5 |
---------------+----------------+-----
Stealth        | 5 6 |  6.8
Fighting       | 2 |  2.6
Dodging        | 1 |  1.9
Spellcasting   | 1 2 |  2.5
Short Blades   | 2 |  2.2
Throwing       | 2 |  2.2
Evocations     | |  0.6

Action                   |  1- 3 |  4- 6 || total
-------------------------+-------+-------++-------
Melee: Dagger            |   106 |   153 ||   259
       Bite              |    23 |    37 ||    60
 Fire: Blowgun           |       |     5 ||     5
Invok: Potion Petition   |       |     1 ||     1
  Use: Scroll            |       |     7 ||     7
       Potion            |       |     2 ||     2
 Stab: Sleeping          |    10 |    13 ||    23
       Distracted        |       |     1 ||     1
  Eat: Bread ration      |       |     1 ||     1
       Meat ration       |       |     1 ||     1
Armor: Robe              |    23 |    22 ||    45
Dodge: Dodged            |    64 |    84 ||   148
